 Dungeon Crawl Stone Soup version 0.29-a0-1047-g7c58e119a4 (webtiles) character file.

Game seed: 6068897953857959042

6657 polve the Cleaver (level 10, 0/70 HPs)
             Began as a Demonspawn Berserker on Aug 16, 2022.
             Was an Elder of Trog.
             Slain by a killer bee (3 damage)
             ... on level 9 of the Dungeon.
             The game lasted 00:09:07 (11557 turns).

polve the Cleaver (Demonspawn Berserker)           Turns: 11557, Time: 00:09:08

Health: 0/70       AC:  8    Str: 21    XL:     10   Next: 73%
Magic:  0/10       EV: 10    Int: 10    God:    Trog [****..]
Gold:   474        SH: 13    Dex: 20    Spells: 9/9 levels left

rFire   + . .      SeeInvis +   y - +2 war axe (freeze)
rCold   . . .      Faith    .   i - +0 kite shield
rNeg    . . .      Spirit   +   B - +0 ring mail "Zodikew" {rF+ Dex+2 SInv}
rPois   .          Reflect  .   (no helmet)
rElec   .          Harm     .   (no cloak)
rCorr   +          Rampage  .   c - +0 pair of gloves
Will    .....                   (no boots)
Stlth   +.........              n - amulet of guardian spirit
HPRegen 0.21/turn               l - ring of resist corrosion
MPRegen 0.12/turn               z - +6 ring of dexterity

@: lethally poisoned (0 -> -22), on berserk cooldown, attractive, slowed, very
slow
A: hooves 1, sharp scales 2, demonic magic 1
a: Renounce Religion, Berserk, Trog's Hand, Brothers in Arms


You were on level 9 of the Dungeon.
You worshipped Trog.
Trog was greatly pleased with you.
You visited 1 branch of the dungeon, and saw 9 of its levels.

You collected 474 gold pieces.

Inventory:

Hand Weapons
 y - a +2 war axe of freezing (weapon)
Armour
 c - a +0 pair of gloves (worn)
 i - a +0 kite shield (worn)
 B - the +0 ring mail "Zodikew" (worn) {rF+ Dex+2 SInv}
   (You found it on level 5 of the Dungeon)

   Dex:       It affects your dexterity (+2).
   rF:        It protects you from fire.
   SInv:      It lets you see invisible.
Jewellery
 l - a ring of resist corrosion (left hand)
 n - an amulet of guardian spirit (around neck)
 z - a +6 ring of dexterity (right hand)
 H - a ring of positive energy
Wands
 w - a wand of mindburst (18)
 E - a wand of flame (10)
 G - a wand of acid (9)
Scrolls
 b - 8 scrolls of identify
 e - a scroll of summoning {unknown}
 f - 2 scrolls of vulnerability {unknown}
 g - a scroll of noise {unknown}
 h - a scroll of enchant armour {unknown}
 j - 5 scrolls of teleportation
 m - a scroll of enchant weapon {unknown}
 o - 2 scrolls of blinking {unknown}
 p - 4 scrolls of immolation {unknown}
 r - 2 scrolls of magic mapping {unknown}
 s - a scroll of brand weapon {unknown}
 t - 4 scrolls of butterflies {unknown}
 u - 2 scrolls of torment {unknown}
 x - 3 scrolls of fear {unknown}
 C - a scroll of amnesia {unknown}
 F - a scroll of acquirement {unknown}
Potions
 a - 2 potions of flight {unknown}
 d - 2 potions of berserk rage {unknown}
 k - a potion of attraction
 q - 2 potions of heal wounds
 v - a potion of lignification {unknown}
 A - 3 potions of brilliance {unknown}
 D - 2 potions of might {unknown}


   Skills:
 - Level 3.0 Fighting
 + Level 11.3 Axes
 - Level 1.7 Armour
 - Level 1.7 Dodging
 + Level 10.4 Shields


You had 9 spell levels left.
You didn't know any spells.
Your spell library was empty.

Dungeon Overview and Level Annotations

Branches:
Dungeon (9/15)             Temple (0/1) D:7            Lair (0/5) D:9
    Orc: D:9-12

Altars:
Ashenzari
Dithmenos
Gozag
Kikubaaqudgha
Makhleb
Qazlal
Ru
Sif Muna
Trog
Vehumet
Wu Jian
Xom
Yredelemnul

Shops:
D:2 =   D:5 *   D:8 ?


Innate Abilities, Weirdness & Mutations

You have large cloven feet.
You are mostly covered in razor-sharp scales. (AC +2, Slay +2)
Spells you cast may paralyse adjacent enemies.


Message History

Your surroundings suddenly seem different. 5 killer bees come into view.
Found a ring mail.
The killer bee buzzes angrily. x2; You hear an angry buzzing noise.
A killer bee comes into view.
You barely miss the killer bee. Your kick misses the killer bee.
The killer bee stings you.
A howler monkey comes into view.
You block the killer bee's attack. The killer bee stings you.
You are poisoned.
The killer bee poisons you!
The killer bee stings you but does no damage.
You block the killer bee's attack.
It was a potion of heal wounds.
You feel much better.
You feel very sick. The killer bee stings you. The killer bee misses you.
The killer bee closely misses you.
The killer bee stings you but does no damage. x2
The killer bee stings you.
The howler monkey hoots and howls with incredible vigour!
You block the killer bee's attack. x3
The killer bee stings you but does no damage.
It was a potion of attraction.
You feel attractive to monsters.
You feel sick. The killer bee stings you.
* * * LOW HITPOINT WARNING * * *
You block the killer bee's attack. The killer bee completely misses you.
You block the killer bee's attack. The killer bee stings you.
* * * LOW HITPOINT WARNING * * *
The killer bee stings you but does no damage. x2
The killer bee stings you!
* * * LOW HITPOINT WARNING * * *
You are lethally poisoned!
The killer bee poisons you! The killer bee stings you.
* * * LOW HITPOINT WARNING * * *
You are more poisoned.
The killer bee poisons you!
The killer bee stings you but does no damage.
You block the killer bee's attack. The killer bee stings you.
You die...

###############
...............
...............
....h.yyy......
.......@yy.....
.......##y.....
....... .....
....... ....
.....[. ...
....... ##
#+##... #...


You could see a howler monkey (catching breath) and 6 killer bees.

Vanquished Creatures
  Pikel (D:5)
  A troll (D:9)
  The ghost of QuickerDeath the Sneak, an amateur NaFE of Vehumet (D:5)
  A hornet (D:9)
  Grinder (D:5)
  A shadow (D:9)
  5 yaks (D:9)
  2 wyverns
  Duvessa (D:7)
  3 water moccasins
  2 orc warriors
  A black bear (D:7)
  2 ice beasts (D:4)
  3 sky beasts
  An ogre (D:5)
  2 centaurs
  3 lemures (D:5)
  2 phantoms (D:6)
  6 bullfrogs
  5 kobold brigands
  A gnoll sergeant (D:8)
  A necrophage (D:3)
  3 scorpions
  7 wights (D:8)
  Dowan (D:7)
  5 howler monkeys
  An electric eel (D:7)
  A centaur skeleton (D:5)
  A jelly (D:8)
  2 hounds
  2 gnoll boudas
  6 iguanas
  10 orc wizards
  A killer bee zombie (D:5)
  19 gnolls
  5 adders
  2 shadow imps (D:7)
  2 white imps (D:5)
  An ufetubus (D:5)
  4 worms
  6 dart slugs
  36 orcs
  9 endoplasms
  7 giant cockroaches
  7 goblins
  6 hobgoblins
  5 quokkas
  10 ball pythons
  6 bats
  4 frilled lizards
  27 kobolds
  5 rats
247 creatures vanquished.

Vanquished Creatures (others)
  2 bushes (D:9)
  6 fungi (D:9)
  17 plants
25 creatures vanquished.

Grand Total: 272 creatures vanquished

Notes
Turn   | Place    | Note
-------+----------+-------------------------------------------
     0 | D:1      | polve the Demonspawn Berserker began the quest for the Orb.
     0 | D:1      | Reached XP level 1. HP: 18/18 MP: 1/1
   271 | D:1      | Reached skill level 3 in Axes
   414 | D:1      | Gained mutation: You are partially covered in razor-sharp
                  | scales. (AC +1, Slay +1) [demonic ancestry]
   414 | D:1      | Reached XP level 2. HP: 24/24 MP: 2/2
  1278 | D:1      | Found a faded altar of an unknown god.
  1485 | D:1      | Gained mutation: You are mostly covered in razor-sharp
                  | scales. (AC +2, Slay +2) [demonic ancestry]
  1485 | D:1      | Reached XP level 3. HP: 29/29 MP: 3/3
  1816 | D:2      | Reached skill level 4 in Axes
  2268 | D:2      | Found Tecaat's Jewellery Shoppe.
  2335 | D:2      | Gained mutation: You have large cloven feet. [demonic
                  | ancestry]
  2335 | D:2      | Reached XP level 4. HP: 35/35 MP: 4/4
  2459 | D:2      | Reached ** piety under Trog
  2871 | D:3      | Reached skill level 1 in Shields
  3174 | D:3      | Found a radiant altar of Vehumet.
  3452 | D:3      | Found a sacrificial altar of Ru.
  3660 | D:3      | Reached XP level 5. HP: 37/41 MP: 5/5
  3888 | D:3      | Reached skill level 5 in Axes
  4055 | D:3      | Reached XP level 6. HP: 47/47 MP: 6/6
  4140 | D:3      | Found an ornate altar of the Wu Jian Council.
  4798 | D:4      | Noticed an ice beast
  4801 | D:4      | Killed an ice beast
  4951 | D:4      | Found a burning altar of Makhleb.
  5171 | D:4      | Found an ancient bone altar of Kikubaaqudgha.
  5212 | D:4      | Reached XP level 7. HP: 52/52 MP: 7/7
  5217 | D:4      | Reached skill level 6 in Axes
  5499 | D:4      | Reached *** piety under Trog
  5589 | D:5      | Entered Level 5 of the Dungeon
  5657 | D:5      | Found Kybo's Assorted Antiques.
  5806 | D:5      | Identified the +0 ring mail "Zodikew" {rF+ Dex+2 SInv}
  6015 | D:5      | Reached skill level 5 in Shields
  6105 | D:5      | Noticed Pikel
  6119 | D:5      | Killed Pikel
  6120 | D:5      | Reached skill level 7 in Axes
  6120 | D:5      | Reached XP level 8. HP: 58/58 MP: 6/8
  6368 | D:5      | Found a shimmering altar of Xom.
  6453 | D:5      | Noticed Grinder
  6456 | D:5      | Paralysed by Grinder for 4 turns
  6465 | D:5      | Killed Grinder
  6565 | D:5      | Found a transporter.
  6567 | D:5      | Noticed QuickerDeath's ghost (amateur NaFE)
  6572 | D:5      | Found a transporter.
  6691 | D:5      | Killed QuickerDeath's ghost
  6692 | D:5      | Reached skill level 8 in Axes
  6797 | D:6      | Gained mutation: Spells you cast may paralyse adjacent
                  | enemies. [demonic ancestry]
  6797 | D:6      | Reached XP level 9. HP: 39/63 MP: 6/9
  7715 | D:7      | Reached **** piety under Trog
  7725 | D:7      | Reached skill level 9 in Axes
  7841 | D:7      | Found an opulent altar of Gozag.
  7872 | D:7      | Found a shadowy altar of Dithmenos.
  7902 | D:7      | Found a basalt altar of Yredelemnul.
  7976 | D:7      | Found a staircase to the Ecumenical Temple.
  8714 | D:7      | Noticed Duvessa
  8715 | D:7      | Found a bloodstained altar of Trog.
  8721 | D:7      | Killed Duvessa
  8722 | D:7      | Noticed Dowan
  8727 | D:7      | Found a shimmering blue altar of Sif Muna.
  8744 | D:7      | Killed Dowan
  9167 | D:7      | Reached skill level 10 in Axes
  9518 | D:7      | Found a stormy altar of Qazlal.
  9598 | D:7      | Found a broken altar of Ashenzari.
  9992 | D:8      | Found Cifeaf's Magic Scroll Shoppe.
 10025 | D:8      | Reached XP level 10. HP: 70/70 MP: 10/10
 11046 | D:9      | Reached skill level 10 in Shields
 11263 | D:9      | Reached skill level 11 in Axes
 11529 | D:9      | Found a staircase to the Lair.
 11541 | D:9      | Paralysed by a hornet for 1 turns
 11557 | D:9      | HP: 3/70 [killer bee (5)]
 11557 | D:9      | Slain by a killer bee

Illustrated notes

Levels and vault maps discovered:
D:1:      evilmike_arrival_grusome_pit, layout_basic,
          ebering_ecumenical_altar_webs
D:2:      layout_basic, serial_shops, shop
D:3:      minmay_evil_eye, layout_basic, nicolae_ru_great_annihilating_truth,
          pf_just_have_faith, marbit_many_paths, minmay_stone_trees_medium
D:4:      layout_basic, makhleb_blood_cavern_becter, kiku_gazebo_pond_becter,
          hangedman_feature_mirror
D:5:      layout_basic, nicolae_overflow_crystal_walls,
          gammafunk_ghost_mausoleum, serial_shops, shop, uniq_pikel,
          uniq_grinder
D:6:      layout_loops_ring, serial_glass, glass_columns_c, glass_columns_a
D:7:      layout_layer_cave, nzn_overflow_gifts_of_might_and_magic,
          mainiacjoe_overflow_small_starburst, grunt_dithmenos_shadows,
          nicolae_gozag_seed_capital, mainiacjoe_overflow_alcove_4,
          nicolae_qazlal_eye_of_the_storm, nicolae_elyvilon_temple_path,
          minmay_temple_entry_crystal_x, minmay_fractal_squares_gapless_5
D:8:      layout_basic, serial_shops, nicolae_square_shop
D:9:      layout_stronghold, minmay_lair_entry_grove, lightli_minifort

Skill      XL: |  1  2  3  4  5  6  7  8  9 10 |
---------------+-------------------------------+-----
Axes           | 3 4 5 7 8 10 11 | 11.3
Shields        | 2 3 6 7 9 10 | 10.4
Fighting       | |  3.0
Armour         | |  1.7
Dodging        | |  1.7

Action                   |  1- 3 |  4- 6 |  7- 9 | 10-12 || total
-------------------------+-------+-------+-------+-------++-------
Melee: Hand axe          |    85 |    94 |       |       ||   179
       Kick              |       |    39 |    51 |    29 ||   119
       War axe           |       |    35 |   208 |    96 ||   339
Invok: Berserk           |       |     3 |     7 |     5 ||    15
  Use: Scroll            |       |       |       |     2 ||     2
       Potion            |       |       |       |     2 ||     2
 Stab: Paralysed         |       |     2 |       |       ||     2
Armor: Ring mail         |    26 |    31 |    40 |    29 ||   126
       Scale mail        |       |     7 |     9 |       ||    16
Dodge: Dodged            |    43 |    41 |    74 |    39 ||   197
Block: Kite shield       |     2 |    54 |   120 |    70 ||   246

Table legend: (Time is in decaauts)
 A = Elapsed time spent in this place.
 B = Non-inter-level travel time spent in this place.
 C = Inter-level travel time spent in this place.
 D = Time resting spent in this place.
 E = Time spent auto-exploring this place.
 F = Levels seen in this place.
 G = Mean time per level.
                   A        B        C        D        E       F      G
               +--------+--------+--------+--------+--------+-----+--------+
         Total |  11803 |  11410 |    393 |    120 |   9915 |   9 | 1311.4 |
       Dungeon |  11803 |  11410 |    393 |    120 |   9915 |   9 | 1311.4 |
               +--------+--------+--------+--------+--------+-----+--------+

Top non-repeatable levels by time:
     D:7: 2278 daAuts
     D:1: 1754 daAuts
     D:3: 1540 daAuts
     D:8: 1322 daAuts
     D:4: 1265 daAuts
     D:5: 1220 daAuts
     D:2: 1122 daAuts
     D:6: 955 daAuts
     D:9: 343 daAuts
